 Dungeon Crawl Stone Soup version 0.31-a0-187-gba352fbbf7 (webtiles) character file.

Game seed: 5357710139586996812

183 qw the Skirmisher (level 5, 0/29 HPs)
             Began as a Deep Elf Hunter on June 22, 2023.
             Slain by a gnoll
             ... wielding a +0 halberd
             ... led by a gnoll bouda
              (9 damage)
             ... on level 4 of the Dungeon.
             The game lasted 00:01:00 (2303 turns).

qw the Skirmisher (Deep Elf Hunter)                 Turns: 2303, Time: 00:01:01

Health: 0/29       AC:  6    Str: 10    XL:     5   Next: 35%
Magic:  7/7        EV:  9    Int: 14    God:
Gold:   152        SH:  0    Dex: 18    Spells: 4/4 levels left

rFire   . . .        Y - +1 shortbow (flame)
rCold   . . .        (shield currently unavailable)
rNeg    . . .        g - +0 scale mail
rPois   .            (no helmet)
rElec   .            (no cloak)
rCorr   .            (no gloves)
SInv    .            (no boots)
Will    .....        (no amulet)
Stlth   +            (no ring)
HPRegen 0.24/turn    (no ring)
MPRegen 0.10/turn

%: no passive effects
@: no status effects
A: no striking features
a: no special abilities


You were on level 4 of the Dungeon.
You visited 1 branch of the dungeon, and saw 4 of its levels.

You collected 152 gold pieces.


   Skills:
 - Level 1.5 Fighting
 + Level 8.9 Ranged Weapons
 - Level 2.4 Dodging
 - Level 1.2 Stealth


You had 4 spell levels left.
You didn't know any spells.
Your spell library was empty.

Inventory:

Hand Weapons
 Y - a +1 shortbow of flaming (weapon)
Armour
 g - a +0 scale mail (worn)
Jewellery
 e - a ring of ice
Scrolls
 f - a scroll of identify
Potions
 d - a potion of curing
 h - 2 potions of haste
 j - a potion of brilliance {unknown}

Dungeon Overview and Level Annotations

Branches:
Dungeon (4/15)
 Temple: D:4-7

Altars:
Cheibriados
Xom


Message History

You shoot an arrow. The gnoll bouda shouts!
The gnoll shouts!
The arrow hits the gnoll!
The arrow burns the gnoll.
You kill the gnoll!
A gnoll comes into view. It is wielding a +0 halberd.
You shoot an arrow. The arrow closely misses the gnoll.
You shoot an arrow. The arrow hits the gnoll.
The arrow burns the gnoll.
The gnoll is severely wounded.
The gnoll closely misses you.
You shoot an arrow. The arrow barely misses the gnoll.
The gnoll completely misses you.
The gnoll bouda barks out a call to the hunt!
The gnolls pick up the pace!
You shoot an arrow. The arrow barely misses the gnoll.
The gnoll hits you but does no damage.
You shoot an arrow. The arrow hits the gnoll.
The arrow burns the gnoll.
The gnoll is almost dead.
The gnoll hits you with a +0 club. The gnoll barely misses you. x2
The gnoll hits you with a +0 club.
You shoot an arrow. The arrow closely misses the gnoll.
The gnoll hits you with a +0 flail.
The gnoll bouda hits you with a +0 club.
The gnoll hits you but does no damage. The gnoll hits you with a +0 club.
The gnoll bouda closely misses you. The gnoll hits you with a +0 flail.
You shoot an arrow. The arrow hits the gnoll.
The arrow burns the gnoll.
You kill the gnoll!
The gnoll closely misses you. The gnoll hits you but does no damage.
The gnoll bouda closely misses you.
You shoot an arrow.
The arrow barely misses the gnoll bouda.
The gnoll barely misses you. The gnoll closely misses you.
The gnoll bouda closely misses you.
The gnoll hits you from afar with a +0 halberd.
You shoot an arrow. The arrow hits the gnoll bouda.
The arrow burns the gnoll bouda.
The gnoll bouda is lightly wounded.
The gnoll barely misses you.
The gnoll bouda hits you with a +0 club.
The gnoll hits you from afar with a +0 halberd!
You die...

.....#...............#
.....'...............#
.##..##..##..........#
###..######..........#
.....................#
.........^....##....##
..%.......>...##..%.#
.##............#....#
.##............#@g..#
..#...........##)g..#
..#..##..##... #.g..#
..#..# ..# .. .....#
..+ .....). .##
......... ..........
...........


You could see a gnoll bouda and 2 gnolls.

Vanquished Creatures
  An iguana (D:4)
  An orc wizard (D:3)
  2 adders
  2 gnolls (D:4)
  An ufetubus (D:3)
  A dart slug (D:2)
  3 orcs
  5 ball pythons
  11 endoplasms
  4 giant cockroaches
  6 goblins
  9 hobgoblins
  10 jackals
  6 quokkas
  4 bats
  2 frilled lizards (D:2)
  5 kobolds
  4 rats
77 creatures vanquished.

Notes
Turn   | Place    | Note
-------+----------+-------------------------------------------
     0 | D:1      | qw the Deep Elf Hunter began the quest for the Orb.
     0 | D:1      | Reached XP level 1. HP: 12/12 MP: 3/3
     0 | D:1      | 0 ||| qw: Version: 0.3-a-9-g12657ce
     0 | D:1      | 0 ||| qw: Game counter: 2286
     0 | D:1      | 0 ||| qw: Always use a shield: true
     0 | D:1      | 0 ||| qw: God list: Okawaru
     0 | D:1      | 0 ||| qw: Allow faded altars: false
     0 | D:1      | 0 ||| qw: Do Orc after D:15 true
     0 | D:1      | 0 ||| qw: Do second Lair branch before Depths: true
     0 | D:1      | 0 ||| qw: Lair rune preference: random
     0 | D:1      | 0 ||| qw: Plans: Normal
     0 | D:1      | 0 ||| PLANNING D:1-11
    54 | D:1      | Reached XP level 2. HP: 16/16 MP: 4/4
    58 | D:1      | Reached skill level 6 in Ranged Weapons
   166 | D:1      | Reached XP level 3. HP: 13/20 MP: 5/5
   168 | D:1      | 168 ||| FLEEEEING.
   169 | D:1      | 169 ||| FLEEEEING.
   170 | D:1      | 170 ||| FLEEEEING.
   172 | D:1      | 172 ||| FLEEEEING.
   173 | D:1      | 173 ||| FLEEEEING.
   175 | D:1      | 175 ||| FLEEEEING.
   176 | D:1      | 176 ||| FLEEEEING.
   177 | D:1      | 177 ||| FLEEEEING.
   178 | D:1      | 178 ||| FLEEEEING.
   179 | D:1      | 179 ||| FLEEEEING.
   180 | D:1      | 180 ||| FLEEEEING.
   181 | D:1      | 181 ||| FLEEEEING.
   182 | D:1      | 182 ||| FLEEEEING.
   183 | D:1      | 183 ||| FLEEEEING.
   185 | D:1      | 185 ||| FLEEEEING.
   186 | D:1      | 186 ||| FLEEEEING.
   187 | D:1      | 187 ||| FLEEEEING.
   188 | D:1      | 188 ||| FLEEEEING.
   189 | D:1      | 189 ||| FLEEEEING.
   190 | D:1      | 190 ||| FLEEEEING.
   602 | D:1      | Reached skill level 7 in Ranged Weapons
   640 | D:1      | 640 ||| UPGRADING to +0 scale mail.
   650 | D:1      | 650 ||| DROPPING +0 leather armour.
   651 | D:1      | 651 ||| DROPPING ring of wizardry.
   652 | D:1      | 652 ||| READING scroll labelled GOMIEN RUMM.
   653 | D:1      | 653 ||| READING 2 scrolls labelled DEXKELOT ASSA.
   654 | D:1      | 654 ||| DROPPING scroll of butterflies.
   805 | D:2      | Found a shimmering altar of Xom.
  1086 | D:2      | Reached XP level 4. HP: 25/25 MP: 6/6
  1136 | D:2      | 1136 ||| READING scroll labelled ORISAS HUYSEYGOULU.
  1137 | D:2      | 1137 ||| READING scroll labelled CYNWUEP VAR.
  1138 | D:2      | 1138 ||| READING scroll labelled HOLEIX HAIFRAP.
  1139 | D:2      | 1139 ||| DRINKING 2 silvery potions.
  1140 | D:2      | 1140 ||| READING 2 scrolls of identify.
  1140 | D:2      | 1140 ||| IDENTIFYING red potion
  1324 | D:3      | Found a snail-covered altar of Cheibriados.
  1829 | D:3      | 1829 ||| READING 2 scrolls of identify.
  1829 | D:3      | 1829 ||| IDENTIFYING grey potion
  1830 | D:3      | 1830 ||| DROPPING potion of attraction.
  1869 | D:4      | 1869 ||| STAIRDANCE
  1902 | D:4      | 1902 ||| STAIRDANCE
  1921 | D:3      | Reached skill level 8 in Ranged Weapons
  2123 | D:4      | Reached XP level 5. HP: 13/29 MP: 7/7
  2303 | D:4      | Slain by a gnoll

Levels and vault maps discovered:
D:1:      mushboom_english_gardens, layout_loops_ring
D:2:      layout_rooms, basic_altar
D:3:      layout_basic, lemuel_tele_altar, item_on_display_b
D:4:      layout_gridville, mainiacjoe_overflow_surrounded_room

Skill      XL: |  1  2  3  4 |
---------------+-------------+-----
Ranged Weapons | 6 7 8 |  8.9
Fighting       | |  1.5
Dodging        | |  2.4
Stealth        | |  1.2

Action                     |  1- 3 |  4- 6 || total
---------------------------+-------+-------++-------
   Fire: Shortbow          |   137 |    90 ||   227
    Use: Scroll            |     2 |     5 ||     7
         Potion            |       |     1 ||     1
 Armour: Leather armour    |     5 |       ||     5
         Scale mail        |     5 |    48 ||    53
  Dodge: Dodged            |    36 |    38 ||    74

Table legend:
 A = Non-vault XP
 B = Vault XP
 C = Vault XP percentage of total XP
 D = Non-vault monster count
 E = Vault monster count
 F = Vault count percentage of total count
                 A         B        C        D         E       F
            +---------+---------+-------+---------+---------+-------
      Total |     262 |       0 |   0.0 |      77 |       0 |   0.0
            +---------+---------+-------+---------+---------+-------
        D:1 |      64 |       0 |   0.0 |      35 |       0 |   0.0
        D:2 |      34 |       0 |   0.0 |      19 |       0 |   0.0
        D:3 |      71 |       0 |   0.0 |      11 |       0 |   0.0
        D:4 |      93 |       0 |   0.0 |      12 |       0 |   0.0
            +---------+---------+-------+---------+---------+-------
